 Dungeon Sprint DCSS version 0.18.1-50-g88ac8fd (webtiles) character file.

258 Kagutsuchi the Fighter (level 5, -2/56 HPs)
             Began as a Draconian Berserker on Oct 21, 2016.
             Was a Believer of Trog.
             Slain by a crocodile (18 damage)
             ... in the Dungeon (Sprint II: "The Violet Keep of Menkaure").
             The game lasted 00:01:30 (48 turns).

Kagutsuchi the Fighter (Draconian Berserker)          Turns: 48, Time: 00:01:30

Health: -2/56      AC:  5    Str: 19    XL:     5   Next: 94%
Magic:  5/5        EV: 15    Int:  8    God:    Trog [**....]
Gold:   213        SH:  0    Dex: 11    Spells: 0 memorised, 4 levels left

rFire  . . .     SeeInvis .     a - +0 falchion
rCold  . . .     Gourm    .     (armour unavailable)
rNeg   . . .     Faith    .     (no shield)
rPois  .         Spirit   .     (helmet restricted)
rElec  .         Dismiss  .     (no cloak)
rCorr  .         Reflect  .     (no gloves)
SustAt .         Harm     .     (no boots)
MR     .....     NoTele   +     (no amulet)
Stlth  +.........               (no ring)
                                (no ring)

@: exhausted, not resistant to hostile enchantments, very unstealthy
A: unfitting armour, cold-blooded, AC +5
a: Berserk, Trog's Hand, Burn Spellbooks, Renounce Religion


You were in the Dungeon.
You worshipped Trog.
Trog was pleased with you.
You were very full.

You visited 1 branch You collected 243 gold pieces.
You spent 30 gold pieces at shops.

Inventory:

Hand Weapons
 a - a +0 falchion (weapon)
Scrolls
 h - a scroll of blinking
Potions
 c - a potion of curing
 e - a potion of haste
 f - 2 potions of magic
 g - a potion of berserk rage


   Skills:
 + Level 8.6 Fighting
 + Level 7.3 Long Blades
 + Level 7.3 Dodging


You had 4 spell levels left.
You didn't know any spells.

Dungeon Overview and Level Annotations

Branches:
Dungeon (1/1)

Altars:

Shops:
D =?:!(?!=:[=}%([!

Annotations:
D exclusion: oklob plant


Innate Abilities, Weirdness & Mutations

Your plain brown scales are hard (AC +5).
Your body does not fit into most forms of armour.
You are cold-blooded and may be slowed by cold attacks.


Message History

The crocodile bites you but does no damage.
Unknown command.
You barely miss the crocodile.
Your tail-slap misses the crocodile.
The crocodile is moderately wounded.
The crocodile misses you.
Unknown command.
You closely miss the crocodile.
The crocodile is moderately wounded.
The crocodile closely misses you.
Unknown command.
You hit the crocodile but do no damage.
The crocodile is moderately wounded.
The crocodile bites you!
* * * LOW HITPOINT WARNING * * *
Drink which item? (? for menu, Esc to quit)
You feel better. The crocodile closely misses you.
You slash the crocodile!
The crocodile is heavily wounded.
The crocodile bites you!!
You die...

≈## ############≈≈#+
###########≈≈≈...
##∩.......#≈≈≈≈.#
##.∩.....∩#≈≈≈≈#
##∩.∩...∩.#≈≈≈≈#
##.∩.∩.∩.∩#≈≈###
##..@t∩.∩.#≈##.# #+#
##...∩.∩..#≈#.#.##.##
##....⌠...'≈'###†.<.+
##........#≈#.#.##.##
#▓▓▓▓▓▓▓###≈##.###+#
##D.$######≈≈###
#[(.#a ##≈≈≈ #∩P?+a
+#≈# #?(. ≈≈#


You could see an ice dragon, an oklob plant, 2 soldier ants and a crocodile.

Vanquished Creatures
  2 hippogriffs (D)
2 creatures vanquished.

Vanquished Creatures (others)
  Menkaure (D)
1 creature vanquished.

Grand Total: 3 creatures vanquished

Notes
Turn   | Place    | Note
--------------------------------------------------------------
     0 | D        | Kagutsuchi the Draconian Berserker began the quest for the Orb.
     0 | D        | Reached XP level 1. HP: 19/19 MP: 1/1
     1 | D        | Noticed a hippogriff
     1 | D        | Noticed a hippogriff
     8 | D        | Killed a hippogriff
     8 | D        | Reached skill level 7 in Fighting
     8 | D        | Reached skill level 5 in Dodging
     8 | D        | Reached XP level 2. HP: 13/34 MP: 2/2
     8 | D        | Reached XP level 3. HP: 15/39 MP: 3/3
     8 | D        | Reached XP level 4. HP: 18/47 MP: 4/4
    11 | D        | HP: 2/70 [hippogriff (5)]
    12 | D        | Killed a hippogriff
    12 | D        | Reached ** piety under Trog
    12 | D        | Reached skill level 8 in Fighting
    12 | D        | Reached XP level 5. HP: 2/56 MP: 5/5
    27 | D        | Found Biedoy's Antique Weapon Shop.
    27 | D        | Found Sesooruu's Antique Armour Boutique.
    27 | D        | Found Xoca's Distillery.
    27 | D        | Found Sorif's Jewellery Boutique.
    27 | D        | Found Qihain's Food Boutique.
    27 | D        | Found Nog Zadd's Antique Armour Boutique.
    28 | D        | Found Itwuthis's Gadget Shop.
    28 | D        | Found Dusoh's Book Boutique.
    28 | D        | Found Itziypp's Jewellery Shop.
    29 | D        | Found Sitaopes's Distillery.
    29 | D        | Found Qeulaf's Magic Scroll Boutique.
    31 | D        | Found Ucwas's Antique Weapon Boutique.
    31 | D        | Found Vaocw's Distillery.
    31 | D        | Noticed a crocodile
    31 | D        | Noticed an oklob plant
    32 | D        | Found Utticw's Magic Scroll Shop.
    32 | D        | Found Bosto's Book Shoppe.
    32 | D        | Found Vontaez's Jewellery Boutique.
    34 | D        | Noticed an ice dragon
    35 | D        | Killed Menkaure
    38 | D        | Noticed a soldier ant
    38 | D        | Noticed a soldier ant
    40 | D        | Bought a potion of curing for 30 gold pieces
    48 | D        | Slain by a crocodile

Skill      XL: |  1  2  3  4 |
---------------+-------------+-----
Fighting       | 7 8 |  8.6
Long Blades    | 6 7 |  7.3
Dodging        | 5 7 |  7.3

Action                   |  1- 3 |  4- 6 || total
-------------------------+-------+-------++-------
Melee: Falchion          |     6 |    12 ||    18
       Tailslap          |       |     2 ||     2
Invok: Berserk           |     1 |       ||     1
  Use: Potion            |       |     2 ||     2
  Eat: Bread ration      |       |     1 ||     1
Armor: Skin              |     2 |     1 ||     3
Dodge: Dodged            |     2 |     9 ||    11
